 Dungeon Crawl Stone Soup version 0.31-a0-210-gccc998df9b (webtiles) character file.

Game seed: 17678103028777633980

103601 promet the Protected (level 15, -3/122 HPs)
             Began as a Minotaur Fighter on June 28, 2023.
             Was the Champion of Hepliaklqana.
             Killed by the air
             ... invoked by a spriggan air mage
              (7 damage)
             ... on level 1 of the Swamp on June 29, 2023.
             The game lasted 03:25:26 (42581 turns).

promet the Protected (Minotaur Fighter)            Turns: 42581, Time: 03:25:48

Health: -3/122     AC: 22    Str: 23    XL:     15   Next: 89%
Magic:  19/19      EV: 10    Int:  6    God:    Hepliaklqana [******]
Gold:   600        SH:  0    Dex: 11    Spells: 14/14 levels left

rFire   . . .        a - +1 morningstar (heavy)
rCold   + . .        (no shield)
rNeg    . . .        j - +1 plate armour {rC+}
rPois   +            (helmet restricted)
rElec   .            s - +2 cloak
rCorr   .            L - +0 pair of gloves
SInv    .            p - +2 pair of boots
Will    +++..        J - necklace of Bloodlust {Fury *Rage Will++ Int-3 Slay+6} Stlth
                     l - +4 ring of protection
HPRegen 0.40/turn    e - ring of poison resistance
MPRegen 0.16/turn

%: random rage (50%)
@: mighty, about to teleport, marked, corroded, on berserk cooldown, slowed,
very slow
A: reduced essence, horns 2, retaliatory headbutt
a: Renounce Religion, Recall Ancestor, Ancestor Identity, Transference, Idealise


You were on level 1 of the Swamp.
You worshipped Hepliaklqana.
Hepliaklqana was exalted by your worship.
You visited 5 branches of the dungeon, and saw 24 of its levels.

You collected 2291 gold pieces.
You spent 1691 gold pieces at shops.

Inventory:

Hand Weapons
 a - a +1 heavy morningstar (weapon)
 b - the +2 arbalest "Yclotz" {heavy, Str+2}
   (You found it on level 13 of the Dungeon)

   Str:       It affects your strength (+2).
 c - a +5 demon trident
 d - a +2 executioner's axe of flaming
 n - a +0 great sword
 q - the +4 sling "Zeejah" {freeze, Str+2 Int+3 Dex+4}
   (You found it on level 4 of the Dungeon)

   Str:       It affects your strength (+2).
   Int:       It affects your intelligence (+3).
   Dex:       It affects your dexterity (+4).
 u - a +4 short sword
 M - a +0 heavy flail
 S - a +2 rapier of speed
 W - a +0 glaive of flaming
 Z - the +3 hand axe of Quick Tender Mercy {drain, +Blink rF+}
   (You found it on level 5 of the Lair of Beasts)

   rF:        It protects you from fire.
   +Blink:    It lets you blink.
Missiles
 f - 18 poisoned darts (quivered)
 v - 4 datura-tipped darts
 x - 4 throwing nets
 D - 22 boomerangs
 G - 12 javelins
Armour
 j - a +1 plate armour of cold resistance (worn)
 p - a +2 pair of boots (worn)
 s - a +2 cloak (worn)
 y - a +0 buckler
 E - the +2 chain mail of Indecent Exposure {Rampage SInv}
   (You found it on level 7 of the Dungeon)

   SInv:      It lets you see invisible.
   Rampage:   It bestows one free step when moving towards enemies.
 L - a +0 pair of gloves (worn)
Jewellery
 e - a ring of poison resistance (right hand)
 l - a +4 ring of protection (left hand)
 r - an amulet of guardian spirit
 t - the amulet of the Four Winds {rN+ Will+++ Clar}
   (You found it on level 1 of the Lair of Beasts)

   [amulet of nothing]

   rN:        It protects you from negative energy.
   Clar:      It protects you from confusion, rage, mesmerisation and fear.
   Will:      It greatly increases your willpower.
 J - the necklace of Bloodlust (around neck) {Fury *Rage Will++ Int-3 Slay+6}
   (You bought it in a shop on level 14 of the Dungeon)

   [amulet of nothing]

   Fury:      It extends the wearer's berserk rage when killing foes.
   Int:       It affects your intelligence (-3).
   Slay:      It affects your accuracy & damage with ranged weapons and melee
   (+6).
   *Rage:     It berserks you when you make melee attacks (+50% chance).
   Will:      It greatly increases your willpower.
 K - a ring of protection from fire
 P - a +4 ring of protection
 V - an amulet of the acrobat
 X - a ring of flight
Wands
 o - a wand of digging (2)
 C - a wand of polymorph (9)
 F - a wand of mindburst (13)
 T - a wand of iceblast (8)
Scrolls
 g - a scroll of revelation
 A - 4 scrolls of fog
 B - 6 scrolls of blinking
 I - 3 scrolls of identify
 N - a scroll of noise
 O - 4 scrolls of teleportation
 Y - 2 scrolls of silence
Potions
 h - 8 potions of lignification
 i - 7 potions of curing
 k - 6 potions of heal wounds
 m - a potion of haste
 w - 2 potions of invisibility
 z - 2 potions of attraction
 H - 3 potions of might
 R - a potion of ambrosia
 U - a potion of brilliance
Miscellaneous
 Q - a phial of floods


   Skills:
 + Level 13.4 Fighting
 + Level 5.0(11.7) Axes
 + Level 13.4(13.7) Maces & Flails
 + Level 9.6(10.2) Polearms
 + Level 13.8 Ranged Weapons
 + Level 2.8 Throwing
 + Level 14.8 Armour
 * Level 8.4 Dodging
 + Level 3.8 Stealth
 + Level 9.5 Shields
 + Level 7.3 Invocations
 + Level 5.7 Evocations


You had 14 spell levels left.
You didn't know any spells.
Your spell library contained the following spells:

 Spells                   Type           Power      Damage    Failure   Level
 Kiss of Death            Conj/Necr      0%         2d5       99%         1
 Magic Dart               Conj           0%         1d3       99%         1
 Slow                     Hex            0%         N/A       99%         1
 Ensorcelled Hibernation  Hex/Ice        0%         N/A       100%        2
 Lesser Beckoning         Tloc           0%         N/A       100%        2
 Searing Ray              Conj           0%         2d4       100%        2
 Call Canine Familiar     Summ           0%         N/A       100%        3
 Confusing Touch          Hex            0%         N/A       100%        3
 Dazzling Flash           Conj/Hex       0%         N/A       100%        3
 Gell's Gravitas          Tloc           0%         N/A       100%        3
 Ozocubu's Armour         Ice            0%         N/A       100%        3
 Portal Projectile        Hex/Tloc       0%         N/A       100%        3
 Spider Form              Tmut/Pois      0%         N/A       100%        3
 Teleport Other           Tloc           0%         N/A       100%        3
 Vampiric Draining        Necr           0%         2d6       100%        3
 Volatile Blastmotes      Fire/Tloc      0%         2d10      100%        3
 Anguish                  Hex/Necr       0%         N/A       100%        4
 Dispel Undead            Necr           0%         3d6       100%        4
 Fulminant Prism          Conj/Hex       0%         3d5       100%        4
 Iskenderun's Mystic Bla  Conj/Tloc      0%         2d3       100%        4
 Leda's Liquefaction      Hex/Erth       0%         N/A       100%        4
 Agony                    Necr           0%         N/A       100%        5
 Lee's Rapid Deconstruct  Erth           0%         3d4*      100%        5
 Metabolic Englaciation   Hex/Ice        0%         N/A       100%        5
 Silence                  Hex/Air        0%         N/A       100%        5
 Summon Forest            Summ/Tloc      0%         N/A       100%        5
 Summon Mana Viper        Hex/Summ       0%         N/A       100%        5
 Simulacrum               Ice/Necr       0%         N/A       100%        6
 Summon Cactus Giant      Summ           0%         N/A       100%        6


Dungeon Overview and Level Annotations

Branches:
Dungeon (15/15)            Temple (1/1) D:5            Lair (5/5) D:11
  Swamp (1/4) Lair:2       Spider (0/4) Lair:3        Slime (0/5) Lair:4
    Orc (2/2) D:11            Elf (0/3) Orc:2        Vaults (0/5) D:13
 Depths (0/4) D:15

Altars:
Ashenzari
Cheibriados
Dithmenos
Elyvilon
Fedhas
Gozag
Hepliaklqana
Kikubaaqudgha
Makhleb
Nemelex Xobeh
Okawaru
Qazlal
Ru
Sif Muna
Trog
Uskayaw
Vehumet
Wu Jian
Xom
Yredelemnul
Zin
The Shining One

Shops:
D:4 =(*[?   D:14 =   Orc:2 *([(

Annotations:
D:11 1 runed translucent door, garrulousMonolith's ghost, journeyman VSBe


Innate Abilities, Weirdness & Mutations

Your life essence is reduced to manifest your ancestor. (-10% HP)
You have a pair of horns on your head.
You reflexively headbutt those who attack you in melee.


Message History

You start waiting.
A bloated husk comes into view.
You feel stronger.
b - the +2 arbalest "Yclotz" (weapon)
{heavy, Str+2} A six-headed hydra comes into view.
You shoot a bolt. The bolt hits the bloated husk!!
The bloated husk explodes!
The blast of putrescent gases engulfs the six-headed hydra!!!
A goliath frog comes into view.
A spriggan air mage comes into view.
You feel very mighty all of a sudden. The goliath frog hits you from afar!
The acid corrodes you!
You are splashed with acid!
The spriggan air mage waves its arms in wide circles.
The air twists around and strikes you!!
The six-headed hydra closely misses you.
The six-headed hydra bites you. x2
The six-headed hydra bites you but does no damage.
The six-headed hydra barely misses you.
The six-headed hydra bites you but does no damage.
a - a +1 heavy morningstar (weapon)
The goliath frog hits you but does no damage.
The spriggan air mage waves its arms in wide circles.
The air twists around and strikes you!! The six-headed hydra bites you! x2
* * * LOW HITPOINT WARNING * * *
The six-headed hydra closely misses you. x2
The six-headed hydra bites you but does no damage. x2
Okay, then.
As you read the scroll of teleportation, it crumbles to dust.
You feel strangely unstable. The goliath frog completely misses you.
The six-headed hydra bites you but does no damage. x3
The six-headed hydra barely misses you. The six-headed hydra bites you.
* * * LOW HITPOINT WARNING * * *
The six-headed hydra bites you but does no damage.
The goliath frog hits you from afar!
* * * LOW HITPOINT WARNING * * *
The acid corrodes you!
You are splashed with acid!
* * * LOW HITPOINT WARNING * * *
The spriggan air mage waves its arms in wide circles.
The air twists around and strikes you!
You die...

♣♣~~. ♣♣...♣ ♣♣ ♣♣♣..♣♣♣
♣..♣ ♣..♣♣♣ ~.~~♣♣
♣♣♣♣♣♣♣♣♣♣♣♣♣♣♣♣♣
..~♣?.♣♣♣≈≈≈♣♣≈..≈♣♣♣♣.♣♣
♣~..~~♣≈≈≈.≈♣~~~≈≈≈≈~♣...
.~..~.≈~~~F≈≈~.~≈≈≈≈~...~
..~~..≈~@D~i~§≈~~~§~~.♣..
...~.~~~~§~.~≈≈§...~~~♣♣.
.......~≈~..~≈≈~~~~≈≈≈♣♣♣
~....!.~≈~~~~~≈≈≈≈≈≈♣≈♣ ♣
~.....~~♣♣≈≈~♣...≈♣♣♣♣♣ ♣
...♣..♣♣♣♣♣♣♣♣♣♣♣♣♣ ♣
...~~~ ~~.... ....~


You could see a six-headed hydra, a spriggan air mage (repels missiles) and a
goliath frog.

Vanquished Creatures
  Rupert (D:14)
  A bunyip (Swamp:1)
  The ghost of TrayleKats the Grappler, a journeyman TrFi of Wu Jian (Lair:1)
  3 vault guards
  6 hydras
  A rakshasa (D:14)
  2 centaur warriors (D:13)
  3 ogre magi (Orc:2)
  11 two-headed ogres
  2 death yaks (Lair:5)
  2 boulder beetles
  2 alligators
  A goliath frog (Swamp:1)
  A spriggan druid (Swamp:1)
  A wizard (D:15)
  A swamp dragon (Lair:2)
  An orc knight (Orc:1)
  A lindwurm (Lair:5)
  A will-o-the-wisp (Lair:2)
  2 deep elf pyromancers
  Pikel (D:6)
  11 ugly things
  2 orc sorcerers
  5 manticores
  Joseph (D:10)
  5 cyclopes
  7 black mambas
  15 elephants
  2 centaur zombies (D:15)
  15 cane toads
  A torpor snail (Lair:5)
  A gargoyle (D:11)
  A centaur skeleton (D:15)
  A kobold demonologist (D:11)
  7 komodo dragons
  4 rime drakes
  2 efreet
  9 polar bears
  5 trolls
  A bloated husk (Swamp:1)
  11 blink frogs
  A raiju (Lair:5)
  A hornet (D:7)
  7 dream sheep (Lair:5)
  6 slime creatures
  2 centaur simulacra (D:15)
  A shadow (D:10)
  2 wraiths
  2 vampires (D:11)
  2 hogs (Lair:5)
  3 basilisks
  19 yaks
  3 wyverns
  7 vampire mosquitoes
  Menkaure (D:4)
  Edmund (D:6)
  2 swamp worms
  3 wargs (Lair:5)
  An acid dragon (D:13)
  8 water moccasins
  15 hell hounds (Lair:5)
  A swamp drake (Swamp:1)
  11 orc warriors
  11 black bears
  20 ogres
  24 wolves
  4 centaurs
  Blork the orc (D:5)
  2 kobold brigands
  6 bullfrogs
  A gnoll sergeant (D:4)
  2 scorpions
  11 killer bees
  A howler monkey (D:14)
  12 electric eels
  6 hounds
  2 jellies
  10 orc priests
  A sleepcap (D:8)
  A gnoll bouda (D:5)
  Terence (D:2)
  5 iguanas
  9 orc wizards
  13 gnolls
  8 adders
  A shadow imp (D:5)
  6 white imps
  A worm (D:4)
  3 dart slugs
  35 orcs
  5 ball pythons
  8 endoplasms
  5 giant cockroaches
  16 goblins
  7 hobgoblins
  12 jackals
  15 kobolds
  4 quokkas
  7 bats
  7 frilled lizards
  2 rats
535 creatures vanquished.

Vanquished Creatures (collateral kills)
  Kirke (Lair:5)
  Snorg (D:13)
  A vault guard (D:13)
  A catoblepas (Lair:4)
  3 hydras
  An ogre mage (Orc:2)
  A tengu warrior (D:14)
  A death yak (Lair:5)
  6 two-headed ogres
  An alligator (Lair:2)
  Urug (Lair:5)
  A necromancer (D:15)
  4 ugly things (D:15)
  8 elephants
  2 naga magi (D:15)
  A black mamba (Lair:5)
  A torpor snail (Lair:2)
  An unseen horror (D:11)
  A komodo dragon (Lair:4)
  2 trolls
  A polar bear (Lair:5)
  2 blink frogs
  6 dream sheep (Lair:5)
  A slime creature (D:14)
  A centaur simulacrum (D:15)
  A water elemental (D:11)
  A wyvern (Lair:2)
  A hog (Lair:5)
  11 yaks
  A basilisk (Lair:3)
  A vampire mosquito (D:10)
  2 wargs
  A swamp worm (Swamp:1)
  4 water moccasins
  A hell hound (Lair:5)
  2 orc warriors
  A sky beast (D:8)
  4 black bears (Lair:5)
  8 wolves
  7 ogres (Orc:2)
  A lemure (D:7)
  A gnoll sergeant (D:9)
  4 bullfrogs
  A scorpion (Lair:3)
  4 killer bees (D:9)
  A howler monkey (D:14)
  A hound (D:11)
  4 orc priests
  A gnoll bouda (D:10)
  2 iguanas
  8 orc wizards
  3 gnolls
  7 white imps (Lair:5)
  16 orcs
  A goblin (D:7)
  7 kobolds
158 creatures vanquished.

Vanquished Creatures (others)
  24 knights
  2 ancestors (D:7)
  21 foxfires
47 creatures vanquished.

Grand Total: 740 creatures vanquished

Notes
Turn   | Place    | Note
-------+----------+-------------------------------------------
     0 | D:1      | promet the Minotaur Fighter began the quest for the Orb.
     0 | D:1      | Reached XP level 1. HP: 19/19 MP: 0/0
   159 | D:1      | Reached XP level 2. HP: 23/27 MP: 1/1
   204 | D:1      | Reached skill level 4 in Armour
   842 | D:1      | Reached XP level 3. HP: 33/33 MP: 2/2
  1479 | D:2      | Noticed Terence
  1482 | D:2      | Killed Terence
  1483 | D:2      | Reached skill level 1 in Dodging
  1483 | D:2      | Reached XP level 4. HP: 37/40 MP: 3/3
  2076 | D:3      | Reached XP level 5. HP: 31/46 MP: 4/4
  2171 | D:3      | Reached skill level 1 in Polearms
  2493 | D:3      | Reached skill level 5 in Shields
  3025 | D:4      | Reached XP level 6. HP: 53/53 MP: 5/5
  3054 | D:4      | Identified the +4 sling "Zeejah" {freeze, Str+2 Int+3
                  | Dex+4}
  3355 | D:4      | Noticed Menkaure
  3635 | D:3      | Reached skill level 1 in Ranged Weapons
  3635 | D:3      | Reached skill level 5 in Armour
  3833 | D:4      | Killed Menkaure
  3834 | D:4      | Reached skill level 5 in Fighting
  3834 | D:4      | Reached XP level 7. HP: 61/61 MP: 6/6
  3838 | D:4      | Found Becar's Antique Armour Emporium.
  3843 | D:4      | Found Luic's Antique Weapon Emporium.
  3844 | D:4      | Found Lilaarph's Magic Scroll Emporium.
  3844 | D:4      | Found Gokau's General Store.
  4174 | D:4      | Found Intiux's Jewellery Emporium.
  4199 | D:4      | Found a shadowy altar of Dithmenos.
  4375 | D:5      | Entered Level 5 of the Dungeon
  4394 | D:5      | Found a staircase to the Ecumenical Temple.
  4426 | Temple   | Entered the Ecumenical Temple
  4480 | Temple   | Became a worshipper of Hepliaklqana the Forgotten
  4564 | D:5      | Reached skill level 5 in Polearms
  5053 | D:5      | Noticed Blork the orc
  5068 | D:5      | Killed Blork the orc
  5194 | D:5      | Reached XP level 8. HP: 68/68 MP: 7/7
  5524 | D:5      | Found a glowing silver altar of Zin.
  6212 | D:6      | Noticed Edmund
  6254 | D:6      | Killed Edmund
  6255 | D:6      | Reached skill level 1 in Throwing
  6255 | D:6      | Reached skill level 6 in Armour
  6447 | D:6      | Reached * piety under Hepliaklqana
  6491 | D:6      | Found a blossoming altar of Fedhas.
  6859 | D:6      | Reached skill level 1 in Stealth
  7290 | D:7      | Noticed a hornet
  7299 | D:7      | Killed a hornet
  7441 | D:7      | Found a flagged portal.
  7539 | D:7      | Identified the +2 chain mail of Indecent Exposure {Rampage
                  | SInv}
  7566 | D:7      | Found a bloodstained altar of Trog.
  7579 | D:7      | Found a sacrificial altar of Ru.
  7654 | D:7      | Noticed Pikel
  7683 | D:6      | Killed Pikel
  7684 | D:6      | Reached skill level 1 in Maces & Flails
  7684 | D:6      | Reached skill level 7 in Armour
  7684 | D:6      | Reached XP level 9. HP: 50/67 MP: 4/8
  7798 | D:7      | Found a sparkling altar of Nemelex Xobeh.
  8352 | D:8      | Reached skill level 5 in Ranged Weapons
  9070 | D:8      | Reached ** piety under Hepliaklqana
  9071 | D:8      | Remembered your ancestor Ahmose as a knight
  9167 | D:8      | Reached skill level 8 in Armour
 10142 | D:9      | Reached XP level 10. HP: 73/77 MP: 7/9
 10941 | D:9      | Noticed a two-headed ogre
 11392 | D:9      | Killed a two-headed ogre
 11393 | D:9      | Reached skill level 5 in Maces & Flails
 12068 | D:10     | Entered Level 10 of the Dungeon
 12068 | D:10     | Noticed a green ugly thing
 12086 | D:9      | Killed a green ugly thing
 12087 | D:9      | Reached skill level 9 in Armour
 12745 | D:10     | Noticed Joseph
 12771 | D:10     | Killed Joseph
 13136 | D:11     | Reached XP level 11. HP: 65/84 MP: 10/10
 13362 | D:11     | Noticed a two-headed ogre
 13371 | D:11     | Killed a two-headed ogre
 13521 | D:11     | Reached skill level 1 in Evocations
 13581 | D:11     | Found a runed translucent door.
 13588 | D:11     | Noticed garrulousMonolith's ghost (journeyman VSBe)
 13636 | D:11     | Reached skill level 10 in Armour
 14068 | D:11     | Found a staircase to the Orcish Mines.
 14347 | D:11     | Found a staircase to the Lair.
 14478 | D:11     | Upgraded the game from 0.31-a0-208-gdb31a4691d to
                  | 0.31-a0-210-gccc998df9b
 14873 | Lair:1   | Entered Level 1 of the Lair of Beasts
 15502 | Lair:1   | Reached skill level 10 in Ranged Weapons
 15742 | Lair:1   | Found a large runed translucent door.
 15742 | Lair:1   | Found a large runed translucent door.
 15744 | Lair:1   | Noticed TrayleKats's ghost (journeyman TrFi)
 15744 | Lair:1   | Found the amulet of the Four Winds {rN+ Will+++ Clar}
 15764 | Lair:1   | Killed TrayleKats's ghost
 15948 | D:11     | Reached skill level 11 in Armour
 15952 | D:11     | Reached XP level 12. HP: 68/93 MP: 11/11
 16445 | Lair:1   | Reached *** piety under Hepliaklqana
 17147 | Lair:1   | Reached skill level 5 in Evocations
 18362 | Lair:2   | Reached **** piety under Hepliaklqana
 18373 | Lair:2   | Reached skill level 10 in Fighting
 18632 | Lair:2   | Found a staircase to the Swamp.
 19488 | Lair:3   | Found a hole to the Spider Nest.
 19932 | Lair:3   | Reached skill level 1 in Invocations
 20116 | Lair:3   | Noticed a five-headed hydra
 20123 | Lair:3   | Killed a five-headed hydra
 21164 | Lair:4   | Reached XP level 13. HP: 101/101 MP: 14/14
 21304 | Lair:4   | Reached ***** piety under Hepliaklqana
 21665 | Lair:4   | Found a staircase to the Slime Pits.
 22315 | Lair:4   | Reached skill level 12 in Armour
 22570 | Lair:4   | Reached skill level 5 in Dodging
 23442 | Lair:5   | Entered Level 5 of the Lair of Beasts
 23718 | Lair:5   | Found a frozen archway.
 23991 | Lair:5   | Noticed Kirke
 24296 | Lair:5   | Reached skill level 10 in Maces & Flails
 24296 | Lair:5   | Noticed Urug
 24310 | Lair:5   | Killed Urug
 25410 | Lair:4   | Reached skill level 5 in Invocations
 25866 | Lair:5   | Noticed a sphinx
 25871 | Lair:5   | Killed Kirke
 25967 | Lair:5   | Reached skill level 13 in Armour
 26043 | Lair:5   | Reached XP level 14. HP: 106/111 MP: 17/17
 28771 | Lair:5   | Identified the staff of Desertification {rN+ Stlth+ Conj}
 28772 | Lair:5   | Identified the +3 hand axe of Quick Tender Mercy {drain,
                  | +Blink rF+}
 30301 | D:4      | Bought a scroll of teleportation for 36 gold pieces
 30301 | D:4      | Bought a potion of heal wounds for 60 gold pieces
 30305 | D:4      | Bought a scroll of teleportation for 42 gold pieces
 30305 | D:4      | Bought a scroll of teleportation for 42 gold pieces
 30992 | D:13     | You fall into a shaft and drop 1 floor!
 31552 | D:13     | Found a gate to the Vaults.
 31626 | D:13     | Noticed Snorg
 31639 | D:13     | Killed Snorg
 31659 | D:13     | Identified the +0 pair of boots of Zoytughi {rN+ Str+2}
 32186 | D:13     | Identified the +2 arbalest "Yclotz" {heavy, Str+2}
 32688 | D:14     | Noticed Rupert
 32705 | D:14     | Killed Rupert
 33282 | D:14     | Reached skill level 14 in Armour
 34503 | D:14     | Found Zeun's Jewellery Shop.
 34603 | D:14     | Found a glowing golden altar of the Shining One.
 34781 | D:14     | Bought the necklace of Bloodlust {Fury *Rage Will++ Int-3
                  | Slay+6} for 543 gold pieces
 34781 | D:14     | Found the necklace of Bloodlust {Fury *Rage Will++ Int-3
                  | Slay+6}
 34868 | D:15     | Entered Level 15 of the Dungeon
 34920 | D:15     | Reached XP level 15. HP: 120/120 MP: 19/19
 36196 | D:15     | Reached skill level 5 in Axes
 36503 | D:15     | Found a staircase to the Depths.
 36737 | Orc:1    | Entered Level 1 of the Orcish Mines
 37994 | Orc:2    | Entered Level 2 of the Orcish Mines
 38593 | Orc:2    | Reached ****** piety under Hepliaklqana
 38618 | Orc:2    | Found a staircase to the Elven Halls.
 38772 | Orc:2    | Found a shimmering altar of Xom.
 39608 | Orc:2    | Found Jaon's Antique Weapon Boutique.
 39608 | Orc:2    | Found Osuikist's Weapon Emporium.
 39609 | Orc:2    | Found Raokufub's Assorted Antiques.
 39609 | Orc:2    | Found Wuxkevul's Antique Armour Boutique.
 40000 | Orc:2    | Bought a glowing plate armour for 728 gold pieces
 40659 | D:14     | Bought a ring of poison resistance for 240 gold pieces
 40906 | Swamp:1  | Entered Level 1 of the Swamp
 41915 | Lair:2   | HP: 7/183 [alligator[a spriggan druid] (3)]
 42581 | Swamp:1  | HP: 4/122 [acid (10)]
 42581 | Swamp:1  | Killed from afar by a spriggan air mage

Illustrated notes

Levels and vault maps discovered:
D:1:      amcnicky_arrival_blooded_trapdoor, layout_loops_ring
D:2:      layout_loops_cross, uniq_terence
D:3:      layout_basic
D:4:      layout_rooms, nicolae_dithmenos_the_darkroom, serial_shops,
          nicolae_shop_pleasant_corner_grove, minmay_shop_grid_forest,
          lightli_minifort, uniq_menkaure
D:5:      layout_basic, mainiacjoe_overflow_paths, minmay_temple_entry_waves,
          uniq_blork_the_orc
D:6:      layout_basic, mainiacjoe_overflow_chevrons, kennysheep_generic_room_3,
          uniq_edmund
D:7:      layout_basic, nemelex_dance_club_becter, grunt_temple_overflow_open,
          enter_bailey_5, uniq_pikel
D:8:      layout_basic, minivault_4
D:9:      layout_loops_ring
D:10:     layout_cross, amcnicky_mini_pool_small, uniq_joseph
D:11:     layout_gridville, erik_lair_island, orc_0_dummy,
          hellmonk_ghost_happy_afterlife
D:12:     layout_irregular_city
D:13:     layout_gridville, lightli_vaults_fourway_checkpoint, uniq_snorg
D:14:     layout_irregular_city, tso_altar, serial_shops,
          nicolae_inconvenience_store, amethyst_killhole, uniq_rupert
D:15:     grunt_enter_depths_magical_seal, layout_cave_pools,
          minmay_misc_feat_pillars
Temple:   lightli_temple_of_artemis
Lair:1:   layout_gridlike, ebering_ghost_disaster_area
Lair:2:   layout_layer_cave, minmay_swamp_entry_eels, lemuel_old_faithful
Lair:3:   layout_hall_layers, dummy_spider_entry, wad_woods_road_04,
          lemuel_fruit_tree
Lair:4:   layout_layer_cave, dpeg_slime_entry_enclosed
Lair:5:   hangedman_lair_caniforms_friends, layout_misc_corridors,
          hangedman_lair_in_review, portal_ice_cave_entry_imps, uniq_urug,
          uniq_kirke
Swamp:1:  layout_falls_marsh, nicolae_swamp_decorative_isthmus,
          nicolae_swamp_soggy_hallways
Orc:1:    nicolae_orc_accident_1, layout_caves, basic_altar,
          nicolae_orc_sculptors_studio
Orc:2:    st_orc_ogre_mass, layout_caves, basic_altar

Skill      XL: |  1  2  3  4  5  6  7  8  9 10 11 12 13 14 15 |
---------------+----------------------------------------------+-----
Shields        | 4 5 6 7 8 9 |  9.5
Armour         | 4 5 7 8 9 11 13 14 | 14.8
Fighting       | 4 5 6 7 8 9 10 11 12 13 | 13.4
Axes           | 3 4 5 |  5.0
Dodging        | 1 2 3 4 5 6 8 |  8.4
Polearms       | 3 4 6 8 9 |  9.6
Ranged Weapons | 1 2 4 6 8 10 11 12 13 | 13.8
Throwing       | 1 2 |  2.8
Stealth        | 1 2 3 |  3.8
Maces & Flails | 1 4 5 6 9 10 12 13 | 13.4
Evocations     | 4 5 |  5.7
Invocations    | 2 5 7 |  7.3

Action                     |  1- 3 |  4- 6 |  7- 9 | 10-12 | 13-15 || total
---------------------------+-------+-------+-------+-------+-------++-------
  Melee: War axe           |    97 |    26 |     6 |       |    10 ||   139
         Headbutt          |     9 |    11 |    22 |    57 |   118 ||   217
         Trident           |       |    49 |   150 |    40 |       ||   239
         Flail             |       |       |    56 |    79 |       ||   135
         Morningstar       |       |       |       |   165 |   458 ||   623
         Demon trident     |       |       |       |       |    87 ||    87
         Mace              |       |       |       |       |     5 ||     5
         Punch             |       |       |       |       |     3 ||     3
         Executioner's axe |       |       |       |       |     2 ||     2
   Fire: Sling             |       |    25 |    68 |   228 |   154 ||   475
         Arbalest          |       |       |       |       |   161 ||   161
  Throw: Dart              |       |     1 |    10 |     5 |     6 ||    22
         Throwing net      |       |       |     2 |       |       ||     2
         Boomerang         |       |       |       |     2 |    13 ||    15
 Invoke: Recall Ancestor   |       |       |     2 |     5 |     9 ||    16
         Ancestor Life: Kn |       |       |     1 |       |       ||     1
  Evoke: Wand              |       |       |       |       |     6 ||     6
    Use: Scroll            |     4 |     8 |     7 |     7 |     9 ||    35
         Potion            |     1 |       |     1 |     5 |     7 ||    14
   Stab: Distracted        |       |       |     2 |     3 |     7 ||    12
 Armour: Scale mail        |    47 |    36 |     9 |       |       ||    92
         Chain mail        |       |       |   125 |   342 |   518 ||   985
         Plate armour      |       |       |       |       |    93 ||    93
  Dodge: Dodged            |    44 |    35 |   103 |   230 |   440 ||   852
  Block: Buckler           |    13 |    18 |    55 |   146 |   170 ||   402

Table legend: (Time is in decaauts)
 A = Elapsed time spent in this place.
 B = Non-inter-level travel time spent in this place.
 C = Inter-level travel time spent in this place.
 D = Time resting spent in this place.
 E = Time spent auto-exploring this place.
 F = Levels seen in this place.
 G = Mean time per level.
                   A        B        C        D        E       F      G
               +--------+--------+--------+--------+--------+-----+--------+
         Total |  43421 |  41512 |   1909 |  18994 |   5829 |  24 | 1809.2 |
       Dungeon |  23784 |  22415 |   1369 |   9845 |   3511 |  15 | 1585.6 |
        Temple |     71 |     57 |     14 |      0 |      0 |   1 |   71.0 |
          Lair |  15419 |  15028 |    391 |   7656 |   1898 |   5 | 3083.8 |
         Swamp |    254 |    254 |      0 |     75 |      0 |   1 |  254.0 |
  Orcish Mines |   3891 |   3756 |    135 |   1417 |    420 |   2 | 1945.5 |
               +--------+--------+--------+--------+--------+-----+--------+

Top non-repeatable levels by time:
  Lair:5: 4519 daAuts
  Lair:2: 3450 daAuts
  Lair:4: 3331 daAuts
    D:14: 3284 daAuts
   Orc:2: 2508 daAuts
    D:11: 2423 daAuts
  Lair:1: 2412 daAuts
     D:9: 2139 daAuts
     D:8: 2039 daAuts
     D:5: 1799 daAuts
    D:12: 1787 daAuts
  Lair:3: 1705 daAuts
     D:3: 1549 daAuts
    D:13: 1516 daAuts
   Orc:1: 1383 daAuts
